Map: Port Aleksander EC

Players

ShaDoWn - Winner!

  • Race: Protoss Protoss
  • Spawn Location: 11:00

ZipperTheFly

  • Race: Terran Terran
  • Spawn Location: 5:00

Event: 2019 WCS Spring

VOD

Have the link to the VOD?

Description

Time

  • Played on: May 17, 2019, 11:21 a.m.
  • Length: 10:32

All games in this series

Show
View Real Time Build Order
Export as new Build Order

ShaDoWn Protoss - Winner!

Build Orders: 1 Gate Expand, Double Forge, Blink Stalkers, Chargelot Immortal 

Get SALT Encoding   

  12  0:00  Probe  
  13  0:13  Probe  
  14  0:20  Pylon  
  14  0:25  Probe  
  15  0:35  Probe  
  15  0:39  Gateway  
  16  0:43  Probe  
  16  0:49  Assimilator  
  17  0:52  Probe  
  18  1:04  Probe  
  19  1:16  Probe  
  20  1:25  Nexus  
  20  1:35  Cybernetics Core  
  20  1:39  Probe  
  21  1:43  Assimilator  
  21  1:51  Probe  
  21  1:53  Pylon  
  22  2:01  Adept  
  22  2:03  Probe  
  23  2:14  Warp Gate  
  23  2:15  Probe  
  26  2:22  Stalker  
  26  2:27  Probe  
  27  2:33  Probe  
  29  2:39  Probe  
  29  2:42  Probe  
  31  2:51  Probe x2  
  33  3:03  Twilight Council, Probe x2  
  33  3:04  Stalker  
  37  3:15  Probe x2  
  37  3:16  Robotics Facility  
  39  3:22  Gateway  
  39  3:28  Probe x2  
  39  3:32  Blink  
  39  3:33  Pylon  
  41  3:40  Probe x2  
  43  3:48  Gateway  
  43  3:49  Probe  
  43  3:52  Probe  
  43  3:56  Observer  
  43  3:57  Probe  
  43  3:58  Assimilator  
  44  4:04  Stalker, Probe  
  44  4:06  Probe  
  49  4:16  Observer, Probe  
  50  4:17  Pylon  
  50  4:19  Probe  
  50  4:21  Stalker  
  54  4:27  Nexus  
  54  4:34  Pylon  
  54  4:35  Probe  
  54  4:36  Stalker  
  58  4:38  Observer  
  58  4:43  Stalker  
  61  4:49  Pylon  
  61  4:51  Stalker  
  62  4:55  Warp Prism  
  62  4:58  Forge  
  62  4:59  Forge  
  64  5:10  Stalker  
  66  5:16  Probe  
  68  5:25  Gateway x2  
  68  5:27  Gateway  
  67  5:32  Immortal  
  71  5:43  Probe x2  
  71  5:45  Probe  
  61  5:50  Protoss Ground Weapons Level 1  
  61  5:51  Probe x2  
  61  5:55  Probe  
  63  5:59  Charge, Probe  
  63  6:00  Probe  
  63  6:04  Probe  
  66  6:10  Sentry  
  66  6:11  Protoss Ground Armor Level 1, Probe  
  69  6:12  Probe x2  
  72  6:24  Probe x3  
  75  6:26  Immortal  
  79  6:36  Probe x3  
  79  6:39  Gateway  
  82  6:40  Gateway  
  82  6:48  Probe  
  82  6:50  Probe  
  84  6:56  Zealot x2, Sentry  
  84  6:59  Probe  
  84  7:00  Observer  
  84  7:01  Pylon  
  91  7:02  Observer  
  91  7:09  Pylon  
  91  7:11  Pylon  
  91  7:19  Immortal  
  91  7:20  Zealot x3  
  101  7:27  Probe x2  
  103  7:31  Zealot  
  103  7:32  Zealot  
  103  7:33  Zealot  
  110  7:40  Robotics Bay  
  110  7:41  Probe  
  110  7:43  Probe  
  110  7:47  Pylon x2  
  110  7:48  Probe  
  108  7:53  Protoss Ground Weapons Level 2  
  108  7:55  Zealot x2  
  106  8:00  Zealot  
  106  8:03  Probe  
  106  8:05  Immortal  
  113  8:06  Probe x2  
  113  8:08  Protoss Ground Armor Level 2  
  113  8:10  Assimilator  
  113  8:11  Assimilator  
  115  8:14  Stalker x2, Pylon  
  115  8:15  Zealot x2  
  123  8:23  Assimilator  
  123  8:25  Pylon  
  123  8:30  Sentry  
  123  8:33  Warp Prism  
  123  8:34  Pylon  
  123  8:35  Probe  
  123  8:40  Zealot x3  
  123  8:41  Zealot  
  124  8:53  Colossus  
  120  8:56  Robotics Facility  
  120  8:58  Stalker x2, Zealot x4  
  138  9:16  Sentry  
  140  9:17  Pylon  
  140  9:19  Pylon  
  140  9:28  Stalker x4  
  147  9:31  Zealot  
  147  9:37  Colossus  
  155  9:59  Zealot x8  
  159  10:10  Nexus  
  159  10:13  Pylon  
  130  10:28  Stalker x3  
  130  10:29  Zealot x4  
Show
View Real Time Build Order
Export as new Build Order

ZipperTheFly Terran 

Build Orders: Liberator Opening, Reaper Expand 

Get SALT Encoding   

  12  0:00  SCV  
  13  0:12  SCV  
  14  0:18  Supply Depot  
  14  0:25  SCV  
  15  0:39  SCV  
  15  0:40  Barracks  
  16  0:44  Refinery  
  16  0:51  SCV  
  17  1:03  SCV  
  18  1:15  SCV  
  19  1:31  Reaper, Orbital Command  
  20  1:52  Command Center  
  20  1:57  SCV  
  21  2:02  Supply Depot  
  21  2:03  Marine  
  22  2:09  SCV  
  22  2:15  Factory  
  23  2:23  Refinery  
  23  2:24  SCV  
  23  2:28  Barracks Reactor  
  24  2:36  SCV  
  25  2:48  SCV  
  26  2:59  Widow Mine  
  26  3:00  SCV  
  26  3:01  Starport  
  26  3:05  Marine x2  
  29  3:08  Orbital Command  
  29  3:12  SCV  
  31  3:17  Bunker  
  31  3:20  Widow Mine  
  31  3:23  Marine x2  
  31  3:24  SCV  
  36  3:33  SCV  
  37  3:36  SCV  
  37  3:39  Medivac  
  40  3:43  Supply Depot  
  40  3:44  Widow Mine  
  40  3:45  SCV  
  40  3:47  Marine x2  
  45  3:53  Liberator  
  45  3:57  Supply Depot x2  
  45  3:58  SCV  
  46  4:05  Factory Tech Lab  
  46  4:07  Barracks  
  46  4:12  SCV  
  50  4:22  Barracks  
  50  4:26  Siege Tank  
  50  4:29  SCV x2  
  55  4:33  Refinery  
  55  4:35  Marine  
  55  4:36  Marine  
  57  4:41  SCV  
  57  4:43  SCV  
  59  4:53  SCV  
  60  5:01  Starport Tech Lab  
  60  5:02  Stimpack  
  60  5:03  SCV  
  60  5:05  SCV  
  62  5:07  Factory Reactor  
  62  5:09  Supply Depot  
  62  5:15  SCV, Marine x2  
  62  5:18  SCV  
  62  5:19  Engineering Bay  
  66  5:25  Starport Reactor  
  66  5:26  Marauder x2, Command Center  
  70  5:29  Combat Shield  
  70  5:31  SCV  
  71  5:35  Marine x2  
  71  5:37  SCV  
  74  5:43  SCV  
  74  5:48  Marauder x2, Widow Mine x2  
  75  5:50  Terran Infantry Weapons Level 1  
  75  5:53  Supply Depot  
  72  5:58  Marine x2  
  72  5:59  SCV  
  72  6:03  Supply Depot  
  75  6:10  Marauder  
  77  6:14  Medivac  
  77  6:15  Marauder  
  77  6:16  Medivac  
  83  6:21  Refinery  
  83  6:23  Widow Mine  
  83  6:24  Barracks  
  83  6:25  Marine, Widow Mine  
  87  6:26  Barracks  
  87  6:27  Marine  
  87  6:29  SCV  
  88  6:36  Marauder x2  
  88  6:39  Orbital Command  
  92  6:41  SCV x2  
  92  6:46  Supply Depot  
  92  6:50  Medivac  
  92  6:53  Medivac  
  93  6:54  SCV x2  
  93  6:58  Supply Depot, Marine  
  93  7:00  Marine  
  97  7:04  Marauder  
  97  7:06  SCV  
  100  7:09  SCV  
  100  7:12  Barracks Tech Lab, Barracks Reactor  
  100  7:13  Orbital Command  
  100  7:14  Marauder  
  99  7:18  SCV  
  100  7:27  Marauder, Marine x2  
  100  7:28  SCV  
  105  7:36  Widow Mine x2  
  109  7:40  Starport  
  104  7:48  Terran Infantry Armor Level 1  
  104  7:49  SCV  
  105  7:53  SCV  
  105  7:56  Marauder  
  105  7:57  Marauder, Marine x2  
  100  8:03  Widow Mine  
  100  8:04  SCV, Widow Mine  
  100  8:05  SCV  
  101  8:06  SCV  
  101  8:16  SCV, Marine x2  
  101  8:18  Viking x2  
  101  8:19  Marauder  
  114  8:20  Marauder x2, SCV x2  
  114  8:22  Refinery  
  114  8:24  Ghost Academy  
  116  8:28  SCV  
  116  8:32  SCV x2  
  73  8:34  Liberator x2  
  119  8:41  SCV  
  115  8:43  Factory Reactor  
  115  8:44  SCV  
  115  8:47  Marine x2  
  116  8:48  Marauder, SCV  
  116  8:53  SCV  
  121  8:56  SCV  
  121  8:59  Refinery  
  121  9:00  SCV  
  121  9:01  Ghost  
  125  9:08  Supply Depot  
  125  9:09  Marine x2, Supply Depot  
  125  9:10  SCV, Supply Depot  
  125  9:13  Marine x2  
  130  9:19  Ghost  
  130  9:20  Supply Depot  
  130  9:22  Armory, Command Center  
  132  9:27  Liberator x2  
  132  9:29  Marine  
  132  9:30  Widow Mine x2, Marine  
  137  9:43  Marine x3  
  137  9:45  Ghost  
  146  9:51  Widow Mine x2  
  149  9:57  SCV  
  149  9:58  Ghost, Marine  
  144  10:03  SCV  
  123  10:19  SCV  
Tags
 
Add a new tag
Caveats
  • Supply blocks, unpowered buildings, or Contaminate may cause inaccurate times.
  • Supply counts are checked every 10 seconds.